 Dungeon Crawl Stone Soup version 0.20-a0-689-g860b9ab (webtiles) character file.

652 Klosterheim the Covert (level 7, -7/27 HPs)
             Began as a Felid Conjurer on Feb 20, 2017.
             Mangled by an orc warrior
             ... wielding a +1 trident of flaming
              (11 damage)
             ... on level 6 of the Dungeon.
             The game lasted 00:25:39 (10687 turns).

Klosterheim the Covert (Felid Conjurer)            Turns: 10687, Time: 00:25:40

Health: -7/27      AC:  2    Str:  4    XL:     7   Next: 28%
Magic:  1/17       EV: 18    Int: 19    God:
Gold:   277        SH:  0    Dex: 16    Spells: 6/18 levels left
                                        Lives:  0   Deaths: 2

rFire    . . .     SeeInvis +   (weapon unavailable)
rCold    . . .     Gourm    .   (armour unavailable)
rNeg     . . .     Faith    .   (shield unavailable)
rPois    .         Spirit   .   (helmet unavailable)
rElec    .         Reflect  .   (cloak unavailable)
rCorr    .         Harm     .   (gloves unavailable)
MR       +....                  (boots unavailable)
Stlth    ++++......             (no amulet)
Regen    0.1/turn               (no ring)
MPRegen  0.2/turn               (no ring)

@: quick
A: no armour, no weapons or thrown items, stealth, claws 1, fangs 3, see
invisible, carnivore 3, speed 1, shaggy fur 2, slow metabolism 1, sharp paws
a: no special abilities


You were on level 6 of the Dungeon.
You were not hungry.

You visited 1 branch of the dungeon, and saw 7 of its levels.

You collected 277 gold pieces.

Inventory:

Armour
 s - a +0 ring mail
Scrolls
 c - 2 scrolls of identify
 e - 2 scrolls of remove curse
 i - a scroll of recharging
 q - a scroll of amnesia
Potions
 d - 3 potions of mutation
 f - a potion of resistance
 h - 3 potions of flight
 j - a potion of might
 l - 3 potions of curing
 n - a potion of haste {unknown}
 o - a potion of agility {unknown}
 r - a potion of cancellation {unknown}
Books
 a - a book of Conjurations

   Spells                             Type                      Level
   a - Magic Dart                     Conjuration                  1
   b - Searing Ray                    Conjuration                  2
   c - Dazzling Spray                 Conjuration/Hexes            3
   d - Fulminant Prism                Conjuration/Hexes            4
   e - Force Lance                    Conjuration/Translocation    4
   f - Iskenderun's Mystic Blast      Conjuration                  4
 g - a book of Misfortune

   Spells                             Type                      Level
   a - Confusing Touch                Hexes                        1
   b - Confuse                        Hexes                        3
   c - Gell's Gravitas                Hexes/Translocation          3
   d - Petrify                        Transmutation/Earth          4
   e - Metabolic Englaciation         Hexes/Ice                    5
   f - Yara's Violent Unravelling     Hexes/Transmutation          5
 k - a book of Maledictions

   Spells                             Type                      Level
   a - Corona                         Hexes                        1
   b - Ensorcelled Hibernation        Hexes/Ice                    2
   c - Confuse                        Hexes                        3
   d - Tukima's Dance                 Hexes                        3
   e - Dazzling Spray                 Conjuration/Hexes            3
 u - a book of Callings

   Spells                             Type                      Level
   a - Summon Small Mammal            Summoning                    1
   b - Call Imp                       Summoning                    2
   c - Call Canine Familiar           Summoning                    3
   d - Summon Guardian Golem          Hexes/Summoning              3
   e - Summon Lightning Spire         Summoning/Air                4
   f - Summon Ice Beast               Ice/Summoning                4
Comestibles
 b - 3 meat rations
 m - 2 royal jellies


   Skills:
 - Level 2.6 Dodging
 - Level 8.4 Stealth
 + Level 6.0 Spellcasting
 - Level 8.0 Conjurations
 * Level 3.5 Hexes


You had 6 spell levels left.
You knew the following spells:

 Your Spells              Type           Power        Failure   Level  Hunger
a - Magic Dart            Conj           ####         1%          1    None
b - Searing Ray           Conj           #####.       1%          2    None
c - Dazzling Spray        Conj/Hex       ####..       3%          3    ##.....
d - Confuse               Hex            ###.....     10%         3    ##.....
e - Tukima's Dance        Hex            ###.....     10%         3    ##.....


Dungeon Overview and Level Annotations

Branches:
Dungeon (7/15)
 Temple: D:4-7

Altars:
Hepliaklqana
Qazlal

Annotations:
D:3 Nico3ck's ghost, amateur FoFi
D:4 Sigmund
D:5 jBrereton's ghost, novice DrEE


Innate Abilities, Weirdness & Mutations

You cannot wear armour.
You are incapable of wielding weapons or throwing items.
Your paws allow you to move quietly. (Stealth)
You have sharp claws.
You have razor-sharp teeth.
You have supernaturally acute eyesight. (SInv)
You are carnivorous and can eat meat at any time.
You cover ground quickly.
You are covered in thick fur. (AC +2)
You have a slow metabolism.
Your sharp claws are effective at attacking unaware monsters.


Message History

The orc warrior hits you from afar with a +1 trident of flaming!
* * * LOW HITPOINT WARNING * * *
The orc warrior burns you.
* * * LOW HITPOINT WARNING * * *
The searing ray hits the orc warrior.
The orc warrior is severely wounded.
The orc closely misses you. The orc warrior misses you.
The searing ray hits the orc warrior.
The orc warrior is severely wounded.
The orc closely misses you. The orc warrior completely misses you.
Casting: Searing Ray
Confirm with . or Enter, or press ? or * to list all spells.
Aiming: Magic Dart
Press: ? - help, Shift-Dir - straight line, f/p - orc warrior
Aim: an orc warrior, wielding a +1 trident of flaming and wearing a plate armour (severely wounded)
The magic dart hits the orc warrior.
The orc warrior is severely wounded.
The orc barely misses you.
The orc warrior hits you from afar with a +1 trident of flaming!
You die...

#..#>##... ###
#..#.##.## ..#
###..#)##.## # #.#
#....#.##... ##.###.#
#.##.#.####.
.....#.### #. #.#.# #.
#.....# #. #)#.# #.
#.#.#.#####.##.#[####.
#..@.........#......
#.....###.######.###
#.ooo.# #..[........
#........##..#####.###
#.#......##..# #.#
...#......##..# #.#
.## ###.#..)#..# #)# #
.........#####(##.
...)..oo.........


You could see an orc warrior and 2 orcs.

Vanquished Creatures
  A spriggan (D:7)
  2 ice beasts
  A sky beast (D:6)
  A phantom (D:4)
  3 ogres (D:4)
  A bullfrog (D:6)
  A scorpion (D:4)
  4 wights (D:6)
  A howler monkey (D:6)
  A crimson imp (D:7)
  2 hounds
  A gnoll shaman (D:6)
  5 orc priests
  2 centaur skeletons (D:4)
  3 orc wizards
  A bullfrog skeleton (D:3)
  2 iguanas
  2 worker ants
  2 hound skeletons
  9 adders
  5 gnolls (D:6)
  3 shadow imps
  4 worms
  A dart slug (D:2)
  6 leopard geckos
  15 orcs
  5 ball pythons
  11 bats
  7 giant cockroaches
  11 goblins
  11 hobgoblins
  12 jackals
  A quokka (D:2)
  6 frilled lizards
  11 kobolds
  5 rats
159 creatures vanquished.

Notes
Turn   | Place    | Note
-------+----------+-------------------------------------------
     0 | D:1      | Klosterheim the Felid Conjurer began the quest for the Orb.
     0 | D:1      | Reached XP level 1. HP: 7/7 MP: 4/4
   161 | D:1      | Reached XP level 2. HP: 11/11 MP: 1/6
   722 | D:1      | Reached XP level 3. HP: 14/14 MP: 3/7
  1006 | D:2      | Found a hazy altar of Hepliaklqana.
  1019 | D:2      | Found a faded altar of an unknown god.
  1946 | D:2      | Reached skill level 5 in Conjurations
  2027 | D:2      | Reached XP level 4. HP: 18/18 MP: 0/8
  2173 | D:2      | Learned a level 2 spell: Searing Ray
  3205 | D:3      | Noticed Nico3ck's ghost (amateur FoFi)
  3366 | D:3      | Reached XP level 5. HP: 15/21 MP: 0/9
  4097 | D:3      | Found a stormy altar of Qazlal.
  4382 | D:3      | Gained mutation: You are covered in thick fur. (AC +2) [Felid growth]
  4382 | D:3      | Reached XP level 6. HP: 22/24 MP: 1/10
  4869 | D:4      | Noticed Sigmund
  5105 | D:4      | Reached skill level 5 in Stealth
  5105 | D:4      | Reached XP level 7. HP: 18/27 MP: 5/12
  5673 | D:4      | Learned a level 3 spell: Dazzling Spray
  6030 | D:4      | Reached skill level 1 in Hexes
  7312 | D:5      | Entered Level 5 of the Dungeon
  7844 | D:5      | Noticed jBrereton's ghost (novice DrEE)
  8109 | D:5      | Reached XP level 8. HP: 13/31 MP: 7/14
  9412 | D:7      | Reached skill level 5 in Spellcasting
  9845 | D:6      | Slain by a wight
  9846 | D:6      | Reached XP level 7. HP: 0/27 MP: 7/16
 10081 | D:6      | Reached XP level 8. HP: 20/31 MP: 2/17
 10341 | D:5      | Learned a level 3 spell: Confuse
 10345 | D:5      | Learned a level 3 spell: Tukima's Dance
 10352 | D:6      | Slain by an orc warrior
 10353 | D:6      | Reached XP level 7. HP: -1/27 MP: 9/16
 10687 | D:6      | Mangled by an orc warrior

Vault maps used:
D:1:      dpeg_arrival_line_fractal
D:2:      overflow_temple_1_default, chequers_ecumenical_altar_simple
D:3:      nicolae_qazlal_general_emergency
D:4:      portal_sewer_entry_d, uniq_sigmund
D:5:      first_bread
D:6:      kennysheep_mini_moat
D:7:      minmay_temple_entry_mist, the_bakery, glass_columns_b,
          kennysheep_opposing_triangles

Skill      XL: |  1  2  3  4  5  6  7  8 |
---------------+-------------------------+-----
Conjurations   | 4 5 6 7 8 |  8.0
Stealth        | 3 5 8 7 |  8.4
Spellcasting   | 3 6 5 |  6.0
Hexes          | 3 |  3.5
Dodging        | |  2.6

Action                   |  1- 3 |  4- 6 |  7- 9 || total
-------------------------+-------+-------+-------++-------
Melee: Unarmed           |    25 |     7 |    27 ||    59
       Bite              |       |       |     2 ||     2
 Cast: Magic Dart        |   120 |    85 |    99 ||   304
       Searing Ray       |       |    29 |    64 ||    93
       Dazzling Spray    |       |       |     6 ||     6
  Use: Scroll            |     3 |     7 |     7 ||    17
       Potion            |       |       |     2 ||     2
  Eat: Chunk             |    10 |     9 |    12 ||    31
Armor: Skin              |     6 |     5 |     4 ||    15
Dodge: Dodged            |    64 |    47 |   104 ||   215
